 Dungeon Crawl Stone Soup version 0.20-a0-214-gb74cb0e (webtiles) character file.

189 BluefootFox the Chopper (level 5, 0/47 HPs)
             Began as a Draconian Chaos Knight on Nov 26, 2016.
             Succumbed to Crazy Yiuf's poison
             ... on level 3 of the Dungeon on Nov 27, 2016.
             The game lasted 00:07:41 (2206 turns).

BluefootFox the Chopper (Draconian Chaos Knight)    Turns: 2206, Time: 00:07:42

Health: 0/47       AC:  9    Str: 15    XL:     5   Next: 40%
Magic:  5/5        EV: 13    Int: 13    God:    Xom [....*.]
Gold:   96         SH:  0    Dex: 10    Spells: 4/4 levels left

rFire  . . .     SeeInvis .     a - +0 hand axe (chaos)
rCold  . . .     Gourm    .     (armour unavailable)
rNeg   . . .     Faith    .     (no shield)
rPois  .         Spirit   .     (helmet restricted)
rElec  .         Reflect  .     n - +2 cloak
rCorr  .         Harm     .     e - +0 pair of gloves
MR     .....                    (no boots)
Stlth  +.........               (no amulet)
                                (no ring)
                                (no ring)

@: lethally poisoned (0 -> -4), contaminated, glowing
A: unfitting armour, hooves 1, mutation resistance 1, cold-blooded, AC +5
a: Renounce Religion


You were on level 3 of the Dungeon.
You worshipped Xom.
You were a beloved toy of Xom.
You were not hungry.

You visited 1 branch of the dungeon, and saw 3 of its levels.

You collected 96 gold pieces.

Inventory:

Hand Weapons
 a - a +0 hand axe of chaos (weapon)
Armour
 e - a +0 pair of gloves (worn)
 j - a +0 cloak
 n - a +2 cloak (worn)
 r - a +0 buckler
Scrolls
 b - a scroll of fear {unknown}
 d - a scroll of teleportation
 h - a scroll of remove curse
 m - a scroll of blinking {unknown}
 q - a scroll of amnesia {unknown}
 t - a scroll of enchant weapon {unknown}
Potions
 c - a potion of curing
 f - a potion of magic
 i - a potion of flight
 k - 2 potions of agility {unknown}
 l - a potion of cancellation {unknown}
 s - a potion of lignification {unknown}
Comestibles
 g - 3 meat rations
 o - a slice of pizza
 p - 2 bread rations
 u - a beef jerky


   Skills:
 + Level 4.3 Fighting
 + Level 4.4 Axes
 + Level 3.1 Dodging
 + Level 1.7 Stealth


You had 4 spell levels left.
You didn't know any spells.

Dungeon Overview and Level Annotations

Branches:
Dungeon (3/15)

Altars:
Ashenzari
Kikubaaqudgha
Xom


Innate Abilities, Weirdness & Mutations

Your plain brown scales are hard. (AC +5)
You cannot fit into any form of body armour.
You are cold-blooded and may be slowed by cold attacks.
You have large cloven feet.
You are somewhat resistant to further mutation.


Message History

You barely miss Crazy Yiuf.
Crazy Yiuf is severely wounded.
Crazy Yiuf hits you with a quarterstaff of chaos!
* * * LOW HITPOINT WARNING * * *
Crazy Yiuf freezes you.
* * * LOW HITPOINT WARNING * * *
You hit Crazy Yiuf but do no damage.
Crazy Yiuf is severely wounded.
Crazy Yiuf hits you but does no damage.
You are lethally poisoned!
You hit Crazy Yiuf. You burn Crazy Yiuf. Your kick misses Crazy Yiuf.
Crazy Yiuf is almost dead.
* * * LOW HITPOINT WARNING * * *
You feel sick.
Crazy Yiuf hits you with a quarterstaff of chaos.
* * * LOW HITPOINT WARNING * * *
You hit Crazy Yiuf but do no damage.
Space bends around Crazy Yiuf.
You kill Crazy Yiuf!
You die...
Xom giggles madly!

#. .#... ..# ###.#
##♣♣♣♣♣
....####...♣.♣♣♣ ####
............♣..♣#...#
....#.....♣♣♣♣♣.@)..#
#......#..♣ ♣♣#..)#
....#..##♣♣ ####
.####..# .####.##
......# #######
####### #.....#
###.### ##### #.#


There were no monsters in sight!

Vanquished Creatures
  Crazy Yiuf (D:3)
  An orc wizard (D:3)
  Natasha (twice) (D:3)
  3 adders
  A dart slug (D:1)
  A leopard gecko (D:3)
  3 orcs (D:3)
  3 bats (D:2)
  7 goblins
  6 hobgoblins
  6 jackals
  3 kobolds
  A quokka (D:3)
  A ball python (D:2)
  4 frilled lizards
  6 rats
49 creatures vanquished.

Vanquished Creatures (collateral kills)
  A hobgoblin (D:1)
1 creature vanquished.

Grand Total: 50 creatures vanquished

Notes
Turn   | Place    | Note
-------+----------+-------------------------------------------
     0 | D:1      | BluefootFox the Draconian Chaos Knight began the quest for the Orb.
     0 | D:1      | Reached XP level 1. HP: 19/19 MP: 1/1
   259 | D:1      | Upgraded the game from 0.20-a0-210-gd6c29eb to 0.20-a0-214-gb74cb0e
   411 | D:1      | Reached XP level 2. HP: 26/26 MP: 2/2
   504 | D:1      | Found a shattered altar of Ashenzari.
   537 | D:1      | XOM: silly message
   649 | D:1      | XOM: mild Divn miscast
   816 | D:1      | XOM: silly message
  1005 | D:2      | Reached XP level 3. HP: 31/33 MP: 3/3
  1268 | D:2      | XOM: divination: detect items
  1376 | D:2      | Found a shimmering altar of Xom.
  1460 | D:2      | XOM is BORED!
  1460 | D:2      | XOM: harmless Tloc miscast
  1574 | D:3      | Noticed Natasha
  1584 | D:3      | Killed Natasha
  1584 | D:3      | Reached skill level 1 in Stealth
  1584 | D:3      | Reached XP level 4. HP: 28/40 MP: 4/4
  1612 | D:3      | XOM: cast spell 'Hydra Form'
  1846 | D:3      | Noticed Natasha
  1853 | D:3      | Killed Natasha
  1853 | D:3      | Reached XP level 5. HP: 31/46 MP: 5/5
  2097 | D:3      | Found an ancient bone altar of Kikubaaqudgha.
  2123 | D:3      | XOM: severe Chrm miscast
  2145 | D:3      | Gained mutation: You have large cloven feet. [mutagenic glow]
  2192 | D:3      | Found a runed door.
  2196 | D:3      | Noticed Crazy Yiuf
  2198 | D:3      | Gained mutation: You are somewhat resistant to further mutation. [mutagenic glow]
  2205 | D:3      | HP: 2/46 [poisoned by Crazy Yiuf]
  2206 | D:3      | Killed Crazy Yiuf
  2206 | D:3      | Succumbed to Crazy Yiuf's poison

Vault maps used:
D:1:      zelgadis_glass_arrival_small, ashenzari_altar_1
D:2:      wad_pebble_path, marbit_many_paths
D:3:      lemuel_round_altar, first_bread, uniq_natasha, uniq_crazy_yiuf_cottage

Skill      XL: |  1  2  3  4 |
---------------+-------------+-----
Fighting       | 4 |  4.3
Stealth        | 1 |  1.7
Axes           | 4 |  4.4
Dodging        | 3 |  3.1

Action                   |  1- 3 |  4- 6 || total
-------------------------+-------+-------++-------
Melee: Hand axe          |   102 |    41 ||   143
       Tailslap          |     8 |     4 ||    12
       Kick              |       |     2 ||     2
  Use: Scroll            |     4 |     2 ||     6
 Stab: Sleeping          |     1 |       ||     1
  Eat: Bread ration      |     1 |       ||     1
Armor: Skin              |    40 |    17 ||    57
Dodge: Dodged            |    82 |    21 ||   103
